 Dungeon Crawl Stone Soup version 0.22.0-16-gc6d26f6 (webtiles) character file.

2 Amnesiac the Magician (level 1, -3/13 HPs)
             Began as a Mummy Ice Elementalist on Aug 18, 2018.
             Slain by a howler monkey (5 damage)
             ... on level 4 of the Dungeon.
             The game lasted 00:02:13 (313 turns).

Amnesiac the Magician (Mummy Ice Elementalist)       Turns: 313, Time: 00:02:14

Health: -3/13      AC:  2    Str: 11    XL:     1   Next: 25%
Magic:  4/4        EV: 12    Int: 14    God:
Gold:   40         SH:  0    Dex: 12    Spells: 4/5 levels left

rFire    x . .     SeeInvis .   (no weapon)
rCold    + . .     Gourm    .   (no shield)
rNeg     + + +     Faith    .   a - +0 robe
rPois    ∞         Spirit   .   (no helmet)
rElec    .         Reflect  .   (no cloak)
rCorr    .         Harm     .   (no gloves)
MR       .....                  (no boots)
Stlth    ++........             (no amulet)
HPRegen  0.04/turn              (no ring)
MPRegen  0.09/turn              (no ring)

@: no status effects
A: no food or potions, fire vulnerability, cold resistance 1, negative energy
resistance 3, torment resistance, unbreathing
a: no special abilities


You were on level 4 of the Dungeon.
You were not hungry.

You visited 1 branch of the dungeon, and saw 5 of its levels.

You collected 40 gold pieces.

Inventory:

Hand Weapons
 e - a cursed +0 quarterstaff
Armour
 a - a +0 robe (worn)
 b - a scarf of spirit shield
Scrolls
 c - 3 scrolls of blinking {!r, unknown}
 d - a scroll of fear {!r, unknown}


   Skills:
 - Level 1.5 Dodging
 - Level 1.5 Stealth
 - Level 2.6 Spellcasting
   Level 0.7 Conjurations
 + Level 2.5 Ice Magic


You had 4 spell levels left.
You knew the following spells:

 Your Spells              Type           Power        Failure   Level  Hunger
a - Freeze                Ice            #...         8%          1    N/A

Your spell library contained the following spells:

 Spells                   Type           Power        Failure   Level  Hunger
 Throw Frost              Conj/Ice       #.....       17%         2    N/A
 Summon Ice Beast         Ice/Summ       #.......     78%         4    N/A
 Ozocubu's Armour         Chrm/Ice       #.......     36%         3    N/A
 Throw Icicle             Conj/Ice       #.......     75%         4    N/A

Dungeon Overview and Level Annotations

Branches:
Dungeon (5/15)
 Temple: D:4-7

Altars:
Ru

Annotations:
D:2 exclusion: worm


Innate Abilities, Weirdness & Mutations

You do not eat or drink.
Your flesh is vulnerable to fire.
You are immune to poison.
Your flesh is cold resistant. (rC+)
You are immune to negative energy. (rN+++)
You are immune to unholy pain and torment.
You can survive without breathing.


Message History

Aim: a crimson imp (moderately wounded)
You freeze the crimson imp.
The crimson imp is heavily wounded.
The crimson imp hits you.
Casting: Freeze (safe; 8% risk of failure)
Confirm with . or Enter, or press ? or * to list all spells.
Aiming: Freeze (safe; 8% risk of failure)
Press: ? - help, Shift-Dir - straight line, f/p - crimson imp
Aim: a crimson imp (moderately wounded)
You miscast Freeze.
You are very lightly contaminated with residual magic.
Nothing appears to happen.
The crimson imp hits you.
Casting: Freeze (safe; 8% risk of failure)
Confirm with . or Enter, or press ? or * to list all spells.
You don't have enough magic to cast that spell.
The crimson imp blinks!
The crimson imp blinks!
You now have 40 gold pieces (gained 13).
There are no items here.
You start resting.
The crimson imp is too close now for your liking.
Casting: Freeze (safe; 8% risk of failure)
Confirm with . or Enter, or press ? or * to list all spells.
Aiming: Freeze (safe; 8% risk of failure)
Press: ? - help, Shift-Dir - straight line, f/p - crimson imp
Aim: a crimson imp You freeze the crimson imp.
The crimson imp is frozen!
The crimson imp is heavily wounded.
The crimson imp hits you but does no damage.
Found a ration.
Your magical contamination has completely faded away.
Found a quarterstaff.
A frilled lizard comes into view.
The crimson imp barely misses you.
You hear the slow rusting of a very distant drain.
The crimson imp grinds its teeth.
You see here a quarterstaff.
e - a quarterstaff The crimson imp misses you.
You see here a ration.
The crimson imp completely misses you.
A worker ant comes into view.
The crimson imp puffs mist at you.
The crimson imp laughs crazily.
An ogre comes into view. It is wielding a giant spiked club.
The ogre shouts!
The crimson imp laughs crazily.
The crimson imp shouts, "Escape, thou spongy roguish apple-john!"
The crimson imp hits you but does no damage.
The frilled lizard barely misses you.
The crimson imp blinks!
The shadow imp shouts!
The crimson imp shouts, "Escape, thou droning ill-breeding guttersnipe!"
The shadow imp completely misses you. The shadow imp hits you.
The crimson imp summons a swarm of flies.
The crimson imp blinks!
There is a stone staircase leading up here.
The shadow imp hits you.
* * * LOW HITPOINT WARNING * * *
You climb upwards.
The howler monkey hoots and howls with incredible vigour!
The howler monkey hits you.
You die...

#...#####.# #[# .....
###.# #.# #.#+#####.....
#.#####.#+#.............
#.....#....#.........#
#..##.#....#.........#..
#..##.#....#...........#
#..........#.......#....
#..........#.h5..######.
######.#...#.@.....#..#
#...............#..#
##########'###.....+ ###
#....##### #.....'._# +
#..#..#.###.#
#..#..#.....#
#######.....##
#..#..........


You could see a howler monkey and a shadow imp.

Vanquished Creatures
  A bat (D:2)
  2 frilled lizards
3 creatures vanquished.

Notes
Turn   | Place    | Note
-------+----------+-------------------------------------------
     0 | D:1      | Amnesiac the Mummy Ice Elementalist began the quest for the Orb.
     0 | D:1      | Reached XP level 1. HP: 13/13 MP: 4/4
   198 | D:4      | Found a sacrificial altar of Ru.
   228 | D:5      | Entered Level 5 of the Dungeon
   228 | D:5      | Noticed a crimson imp
   233 | D:4      | Noticed a howler monkey
   285 | D:5      | Noticed a worker ant
   293 | D:5      | Noticed an ogre
   313 | D:4      | Slain by a howler monkey

Action                   || total
-------------------------++-------
 Cast: Freeze            ||     8
Armor: Robe              ||     3
Dodge: Dodged            ||    11
